AoeStats
← paderbornml1998

Arabia

509651367Analyzed
1v1 RM · 6d ago on Sep 27, 2026· 30m 20s· 2 players
Game mode
Random Map
Map size
Tiny (2 player)
Population
200
Speed
Normal
Resources
Standard
Victory
Conquest
Starting age
Dark Age
Ending age
Imperial Age
RankedLock teamsTeams togetherTeam positionsShared explorationLock speedFull tech treeHidden civsTurbo modeCheats
Victory
Defeat
🇨🇳 Turks · China
857
+16
🇩🇪 Khmer · Germany
860
-43
maorachow
2:39 Loom
11:44 Feudal Age
12:16 Double-Bit Axe
12:15 Horse Collar
18:54 Wheelbarrow
21:18 Castle Age
19:33 Scale Barding Armor
19:40 Forging
20:40 Bloodlines
22:26 Fletching
22:37 Padded Archer Armor
25:08 Bodkin Arrow
25:30 Leather Archer Armor
26:21 Husbandry
paderbornml1998
11:45 Feudal Age
12:11 Double-Bit Axe
12:22 Horse Collar
14:08 Wheelbarrow
13:52 Gold Mining
16:37 Stone Mining
21:53 Castle Age
21:59 Castle Age
23:01 Hand Cart
25:55 Crossbowman
26:58 Pikeman
30:23 Imperial Age
28:11 Crossbowman
Connection lost

Rejoining the realm…

Still unreachable

The connection could not be restored.

Session expired

The server has moved on; the page needs a fresh start.